[Event "Late-Titled-Tuesday-Blitz-June-04-2024"]
[Site "Chess.com"]
[Date "2024.06.04"]
[Round "4"]
[White "norwaytoadog"]
[Black "GiorgianBarbosa"]
[Result "1-0"]
[WhiteElo "2342"]
[BlackElo "2489"]
[TimeControl "180+1"]
[EndTime "14:40:27 PDT"]
[Termination "norwaytoadog won by checkmate"]

1. e4 c5 2. Nf3 d6 3. Bb5+ Bd7 4. Bxd7+ Nxd7 5. O-O Ngf6 6. Qe2 e6 7. b3 Be7 8.
Bb2 O-O 9. c4 Re8 10. Nc3 a6 11. d3 Qb8 12. Nd2 b5 13. f4 b4 14. Nd1 Bf8 15. Ne3 d5 16. e5 d4 17. Nd1 g6 18.
exf6 Nxf6 19. Ne4 Nh5 20. Bc1 Be7 21. Qf3 Ng7 22. Ndf2 f5 23. Ng3 Bf6 24. Bd2 a5 25. a3 h5 26. Ra2 a4 27. axb4 axb3 28. Rb2 Ra2 29. Rfb1 cxb4 30. Qd1 h4 31. Ne2 Nh5 32. Qxb3 Rxb2 33. Rxb2 Qa8 34. Qxb4 e5 35. fxe5 Bxe5 36. Bg5 Bd6 37. Qb3 f4 38. Ra2 Qc8 39. Ne4 Bf8 40. c5+ Kh7 41. Ra7+ Bg7 42. Qf7 Rxe4 43. dxe4 Qg4 44. Nxf4 Qxg5 45. Qxg6+ Qxg6 46. Nxg6 Kxg6 47. Rd7 Nf4 48. c6 d3 49. c7 Ne2+ 50. Kf2 Bd4+ 51. Ke1 Bc3+ 52. Kd1 Nd4 53. c8=Q Kg5 54. Qg8+ Kf4 55.
Rf7+ Kxe4 56. Qg4+ Kd5 57. Rd7+ Kc4 58. Rxd4+ Bxd4 59. Qxh4 Kc3 60. Qe4 Bc5 61. h4 Bg1 62. h5 Bd4 63. h6 Bh8 64. h7 Bd4 65. Qxd4+ Kxd4 66. h8=Q+ Ke3 67. Qe5+ Kf2 68. Kd2 Kxg2 69. Kxd3 Kf3 70. Qf5+ Kg2 71. Qf4 Kg1 72. Qf3 Kh2 73. Qg4 Kh1 74. Ke3 Kh2 75. Kf2 Kh1 76. Qh5# 1-0

[Event "Late-Titled-Tuesday-Blitz-June-04-2024"]
[Site "Chess.com"]
[Date "2024.06.04"]
[Round "4"]
[White "jcibarra"]
[Black "DreamsAreFake"]
[Result "1/2-1/2"]
[WhiteElo "2920"]
[BlackElo "2700"]
[TimeControl "180+1"]
[EndTime "14:40:35 PDT"]
[Termination "Game drawn by repetition"]

1. e4 c5 2. Nf3 Nc6 3. Nc3 g6 4. d4 cxd4 5. Nxd4 Bg7 6. Be3 Nf6 7. Bc4 Qa5 8. O-O O-O 9. Bb3 d6 10. Nd5 Nxd5 11. exd5 Nxd4 12. Bxd4 Bxd4 13. Qxd4 Bd7 14. Rfe1 Rfe8 15. Re3 f6 16. Rae1 Kf7 17. c3 Qd8 18. h4 b6 19. Bc2 Rg8 20. h5 gxh5 21. Qe4 Rg7 22. Qxe7+ Kg8 23. Rg3 Bg4 24. Qe4 f5 25. Qe6+ Kh8 26. Bxf5 Qg5 27. Bxg4 hxg4 28. Qxd6 Rd8 29.
Qe5 Rxd5 30. Qxg5 Rgxg5 31. Rge3 Rd2 32. R3e2 Rgd5 33. Re8+ Kg7 34. R1e7+ Kg6 35. Rg8+ Kf6 36. Re3 Rxb2 37. Kh2 h5 38. a4 Rdd2 39. Kg3 Kf7 40. Rg5 Rxf2 41. Rxh5 Rxg2+ 42. Kf4 Rbf2+ 43. Kg5 g3 44. Rh7+ Kg8 45. Rxa7 Rf8 46. Kg4 Rc8 47.
Rxg3 Rxg3+ 48. Kxg3 Rxc3+ 49. Kf4 Kf8 50. Ke5 Ke8 51.
Kd6 Rc4 52. Ra8+ Kf7 53. Kd5 Rc5+ 54. Kd6 Rc4 55. Ra6 Ke8 56. Kd5 Rc5+ 57. Kd4 Rc6 58.
a5 Kd7 59. axb6 Kc8 60. Kd5 Kb7 61. Ra1 Rxb6 62. Kc5 Rc6+ 63. Kd5 Rb6 64. Re1 Ka6 65. Kc5 Rb5+ 66. Kc6 Rb6+ 67. Kc5 Rb5+ 68. Kc4 Rb6 69. Re8 Kb7 70. Kd5 Rb5+ 71. Kd6 Rb6+ 72. Kc5 Rc6+ 73. Kd5 Rb6 74. Re7+ Ka6 75. Kc4 Rc6+ 76. Kd5 Rb6 77.
Re1 Rb5+ 78. Kc4 Rb6 79. Re5 Kb7 80. Kc5 Rc6+ 81. Kd5 Rb6 82. Re3 Ka6 83. Rc3 Kb7 84.
Rc1 Ka6 85. Kc5 Rb5+ 86. Kc6 Rb6+ 87. Kc7 Rb7+ 88. Kc8 Rb6 89. Ra1+ Kb5 90. Kc7 Rc6+ 91. Kb7 Rb6+ 92. Kc7 Rc6+ 93. Kd7 Rb6 94. Kc8 Rc6+ 95.
Kb8 Rb6+ 96. Kc7 1/2-1/2

[Event "Late-Titled-Tuesday-Blitz-June-04-2024"]
[Site "Chess.com"]
[Date "2024.06.04"]
[Round "4"]
[White "FXDon77"]
[Black "Polish_fighter3000"]
[Result "0-1"]
[WhiteElo "2867"]
[BlackElo "3079"]
[TimeControl "180+1"]
[EndTime "14:40:41 PDT"]
[Termination "Polish_fighter3000 won on time"]

1. e4 e6 2. d4 d5 3. e5 c5 4.
c3 Qb6 5. Nf3 Nc6 6. a3 c4 7. Be2 Bd7 8. Nbd2 Na5 9. Rb1 Ne7 10. h4 Qc7 11. h5 h6 12. Nf1 Nc8 13. Bf4 Nb6 14. N3d2 Ba4 15. Qc1 O-O-O 16. Bg3 Kb8 17.
Ne3 a6 18. Bg4 Ka7 19. O-O Re8 20. Qe1 Rg8 21. Qe2 Qd7 22. f4 f5 23. Bf3 Be7 24.
Bf2 Ref8 25. g3 Rf7 26. Kg2 Nb3 27. Rh1 Nxd2 28. Qxd2 Rgf8 29. Bd1 Bxd1 30. Qxd1 Qa4 31. Qd2 Qb3 32. Qc2 Qxc2 33. Nxc2 Na4 34. Be1 Kb6 35. Bd2 a5 36. Rhg1 g6 37. hxg6 Rg7 38. Kf3 h5 39.
Rh1 Rh8 40. Ne3 Kc6 41. Rh3 Rxg6 42. Be1 b5 43. Rh2 Nb6 44. Rc1 Rg7 45. Rcc2 Nd7 46.
Rh3 Kb6 47. Rch2 Rgh7 48. Bd2 Nb8 49. Nc2 Nc6 50. Rh1 Rh6 51. R3h2 R6h7 52. Rh3 Bd8 53.
R3h2 Ne7 54. Rh3 Nc6 55. R3h2 Kc7 56. Rh3 Kd7 57. R3h2 Ke8 58. Rh3 Kf7 59. R3h2 Be7 60. Rh3 Kg6 61. Ra1 Rb8 62. Rhh1 Rhh8 63. Ne3 Rb7 64.
Rh2 Rb6 65. Rhh1 Kf7 66. Rh2 Kg7 67. Rhh1 Kg6 68. Rh2 Ra6 69. Rhh1 Rha8 70. Nc2 b4 71. axb4 axb4 72. Rxa6 Rxa6 73. Ra1 Rxa1 74. Nxa1 b3 75. Bc1 Nd8 76. Bd2 Nf7 77. Bc1 Nh6 78. Bd2 Ng4 79.
Bc1 h4 80. gxh4 Kh5 81. Bd2 Kxh4 82. Kg2 Nh6 83. Kf3 Kh3 84. Be1 Ng4 85. Bg3 Nh2+ 0-1

[Event "Late-Titled-Tuesday-Blitz-June-04-2024"]
[Site "Chess.com"]
[Date "2024.06.04"]
[Round "4"]
[White "kemelgallo"]
[Black "Crasyhealer"]
[Result "1/2-1/2"]
[WhiteElo "2714"]
[BlackElo "2530"]
[TimeControl "180+1"]
[EndTime "14:40:45 PDT"]
[Termination "Game drawn by stalemate"]

1. e4 e5 2. Nf3 Nc6 3. Bb5 a6 4. Ba4 Nf6 5. O-O b5 6. Bb3 Be7 7. d3 O-O 8. a4 Rb8 9. axb5 axb5 10. Nc3 b4 11. Nd5 Nxd5 12. Bxd5 Bf6 13. Bd2 Ne7 14. Bb3 d5 15. Qe1 c5 16. exd5 Qd6 17. Bg5 Bxg5 18.
Nxg5 Nxd5 19. Nxh7 Nf4 20. Nxf8 Bb7 21. f3 Rxf8 22. Kh1 g6 23. Ra7 Qb6 24. Rxb7 Qxb7 25.
Qxe5 Nh5 26. Qxc5 Re8 27. Qd6 Kg7 28. Qd4+ Nf6 29. g4 g5 30. Kg1 Kg6 31. h3 Qc7 32. Kg2 Nd7 33. f4 Re2+ 34. Rf2 Rxf2+ 35. Qxf2 gxf4 36.
Bd5 Qe5 37. Be4+ Kg5 38. b3 Nf6 39. Qf3 Qc3 40. Qe2 Nd7 41. Bf3 Ne5 42. Qf2 Kg6 43.
h4 f5 44. gxf5+ Kxf5 45. Be4+ Kg4 46. Bf3+ Kf5 47. Be4+ Kg4 48. Kh2 Qc7 49. Bg2 f3 50. Bh3+ Kh5 51. Qg3 Qxc2+ 52. Kg1 Qc1+ 53. Kh2 Qd2+ 54.
Kg1 Qe3+ 55. Kh2 Qe2+ 56. Kh1 Qd1+ 57. Kh2 Qd2+ 58. Kh1 Qe3 59. Kh2 Kh6 60. d4 Qd2+ 61. Kh1 Qd1+ 62. Kh2 Qc2+ 63. Kh1 Qc1+ 64. Kh2 Qd2+ 65.
Kg1 Qxd4+ 66. Kh2 Qd2+ 67. Kh1 Qe3 68. Bf5 Qc1+ 69. Kh2 f2 70. Qxf2 Qd1 71. Be6 Nf3+ 72. Kg3 Nd4 73. Qf6+ Kh7 74. Bf5+ Nxf5+ 75. Qxf5+ Kg7 76.
Qg4+ Qxg4+ 77. Kxg4 Kg6 78. Kf4 Kh5 79. Kg3 Kg6 80.
Kg4 Kh6 81. h5 Kg7 82. Kf4 Kh6 83. Ke4 Kxh5 84. Kd4 Kg6 85. Kc4 Kf6 86. Kxb4 Ke6 87. Kc5 Kd7 88. Kb6 Kc8 89. b4 Kb8 90. b5 Ka8 91.
Ka6 Kb8 92. b6 Ka8 93. b7+ Kb8 94. Kb6 1/2-1/2

[Event "Late-Titled-Tuesday-Blitz-June-04-2024"]
[Site "Chess.com"]
[Date "2024.06.04"]
[Round "4"]
[White "Hikaru"]
[Black "TigrVShlyape"]
[Result "0-1"]
[WhiteElo "3212"]
[BlackElo "2911"]
[TimeControl "180+1"]
[EndTime "14:40:47 PDT"]
[Termination "TigrVShlyape won by resignation"]

1. c3 d5 2. d4 c6 3. Bg5 Bf5 4.
Nd2 Qb6 5. Qb3 Nd7 6. Ngf3 e6 7. Nh4 h6 8. Be3 Bh7 9. g3 Ngf6 10. h3 c5 11. a3 cxd4 12. Bxd4 Bc5 13. e3 e5 14. Bxc5 Nxc5 15. Qb4 O-O 16. Nhf3 Rfe8 17. Qxb6 axb6 18. Bb5 Re7 19. O-O Ne8 20. Rfd1 Nd6 21. Be2 Bc2 22. Rdc1 Bf5 23. Kg2 b5 24. b3 f6 25. c4 bxc4 26. bxc4 dxc4 27. Nxc4 Nxc4 28. Rxc4 b6 29. Rb4 Rea7 30.
Bc4+ Kh7 31. Nh4 Be4+ 32. f3 Bd3 33. Bxd3+ Nxd3 34. Rxb6 Rxa3 35. Rxa3 Rxa3 36. g4 Ra2+ 37. Kg3 Nc1 38. Nf5 Ne2+ 39. Kh4 Ra7 40. Rb2 Nc3 41. Kg3 Nd5 42. Rd2 Ne7 43. Nh4 g6 44. Ng2 Kg7 45. h4 h5 46. gxh5 Nf5+ 47. Kg4 Nh6+ 48. Kh3 gxh5 49. e4 Ra3 50. Kg3 f5 51. Rd7+ Kg6 52. Rd6+ Kg7 53. Rd7+ Kg6 54. Rd6+ Kg7 55.
Kf2 fxe4 56. fxe4 Ng4+ 57. Ke2 Rg3 58. Ne1 Re3+ 59. Kd2 Rxe4 60. Nf3 Ra4 61. Ng5 e4 62. Re6 e3+ 63. Ke2 Ra2+ 64. Kf3 Rf2+ 65. Kg3 Rf6 66. Re4 Rf5 67. Re7+ Kg6 68. Nf3 Ra5 69. Re4 Rb5 70. Re6+ Kf7 71. Re4 Kf6 72. Ra4 Rc5 73. Kf4 Rf5+ 74. Ke4 Rb5 75. Ra6+ Kg7 76. Nd4 Re5+ 77.
Kf3 e2 78. Nxe2 Re3+ 79. Kf4 Rxe2 80. Rb6 Nf6 81. Kf5 Rf2+ 82. Kg5 Rg2+ 83. Kf5 Ng8 84. Rb7+ Kh6 85. Rb6+ Kh7 86. Rb7+ Rg7 87. Rb5 Nh6+ 88.
Kf6 Rg6+ 89. Ke7 Ng8+ 90. Kf7 Rf6+ 91. Ke8 Kh6 92. Rb4 Rf5 93. Kd7 Nf6+ 94. Ke6 Kg6 95. Ra4 Rf1 96. Ra5 Re1+ 97. Kd6 Re4 98. Rg5+ Kf7 99. Rf5 Rxh4 100. Rf3 Re4 101. Rf1 Kg6 102. Rf3 Kg5 0-1

[Event "Late-Titled-Tuesday-Blitz-June-04-2024"]
[Site "Chess.com"]
[Date "2024.06.04"]
[Round "4"]
[White "profedechess93"]
[Black "LUISMIGUELOV"]
[Result "1/2-1/2"]
[WhiteElo "2591"]
[BlackElo "2214"]
[TimeControl "180+1"]
[EndTime "14:40:48 PDT"]
[Termination "Game drawn by agreement"]

1. e4 c6 2. d4 d5 3. Nc3 dxe4 4. Nxe4 Bf5 5. Ng3 Bg6 6. h4 h6 7. h5 Bh7 8. Nf3 Nd7 9. Bd3 Bxd3 10. Qxd3 e6 11.
Bd2 Qb6 12. O-O-O Ngf6 13. Rhe1 O-O-O 14. Qe2 Bb4 15. c3 Bd6 16. Ne5 Bxe5 17. dxe5 Nd5 18. c4 Nb4 19. a3 Na6 20. Bc3 Nac5 21. f4 Qb3 22. Kb1 Nb6 23. Qc2 Qxc4 24. Rxd8+ Rxd8 25. f5 Nd5 26. Ne4 Nxe4 27. Rxe4 Nxc3+ 28. bxc3 Qd3 29. fxe6 fxe6 30. Rf4 Qd1+ 31. Qxd1 Rxd1+ 32. Kc2 Re1 33. Rf8+ Kc7 34. Rf7+ Kb6 35. Rxg7 Rxe5 36. g4 a5 37. Rg6 Re4 38. Kd3 Ra4 39. Rxe6 Rxg4 40. Rxh6 Rh4 41. Rh7 Ka6 42. Ke3 b6 43. h6 Kb5 44.
Kd3 c5 45. c4+ Rxc4 46. Rb7 Rh4 47. h7 c4+ 48. Ke3 c3 49. Kd3 Rh3+ 50. Kc2 a4 51. Rc7 Ka6 52. Rxc3 Rxh7 53. Rc4 b5 54. Rc6+ Ka5 55. Rc5 Rh2+ 56. Kb1 Rh3 57. Kb2 Rb3+ 58. Ka2 Kb6 59. Rf5 Rc3 60. Kb2 Rc5 61. Rf6+ Rc6 62.
Rf5 Ka5 63. Rg5 Rf6 64. Re5 Rf2+ 65. Ka1 Kb6 66. Kb1 Kc6 67. Ka1 Rc2 68. Kb1 Rc5 69.
Re4 Kd5 70. Rh4 Rc4 71. Rh5+ Kc6 72. Kb2 Rc5 73. Rh6+ Kd5 74. Rh5+ Kc4 75. Rh4+ Kd3 76. Rh3+ Kd4 77. Rh4+ Kd5 78. Rh5+ Kc6 79. Rh6+ Kb7 80. Rh7+ Kb6 81. Rh6+ Ka5 82. Rg6 b4 83. axb4+ Kxb4 84.
Rg4+ Kb5 85. Ka3 Rc3+ 86. Kb2 Rb3+ 87. Ka2 Rc3 88. Kb2 Rc4 89. Rxc4 Kxc4 90. Ka3 Kb5 91.
Kb2 Kb4 92. Ka2 a3 93. Ka1 Kb3 94. Kb1 1/2-1/2

[Event "Late-Titled-Tuesday-Blitz-June-04-2024"]
[Site "Chess.com"]
[Date "2024.06.04"]
[Round "4"]
[White "pinelone"]
[Black "Alex_Banzea"]
[Result "1-0"]
[WhiteElo "2420"]
[BlackElo "2590"]
[TimeControl "180+1"]
[EndTime "14:40:55 PDT"]
[Termination "pinelone won by checkmate"]

1. Nf3 Nf6 2. c4 g6 3. b3 Bg7 4.
Bb2 d6 5. g3 e5 6. Bg2 O-O 7.
d3 c6 8. O-O Re8 9. Qc2 a5 10.
Nc3 Na6 11. Rac1 h6 12. h3 Be6 13. e4 Kh7 14. Kh2 Nd7 15. Rcd1 Ndc5 16. d4 exd4 17.
Nxd4 Qe7 18. Nf5 Nb4 19. Qb1 Bxf5 20. exf5 Bxc3 21. Bxc3 Qe2 22. fxg6+ fxg6 23. Rxd6 Nbd3 24. Bd4 Re6 25. Bxc5 Nxc5 26. Rxe6 Qxe6 27. h4 Re8 28.
h5 Kg7 29. hxg6 Qxg6 30. Qb2+ Qf6 31. Qd2 Rd8 32. Qxa5 Ne6 33. Re1 Re8 34. Qe5 Qxe5 35. Rxe5 Kf6 36. Rh5 Kg6 37. Re5 Kf6 38. Re3 Rd8 39. Re2 Nd4 40. Rb2 b6 41. b4 Re8 42.
b5 c5 43. Bd5 Rd8 44. Kg2 Re8 45. a4 Re1 46. a5 bxa5 47. Ra2 Re8 48. Rxa5 Rb8 49.
Ra6+ Ke5 50. Rxh6 Nf5 51. Rh5 Kf6 52. Rh7 Re8 53. Rf7+ Kg6 54. Rc7 Nd4 55. Rxc5 Re2 56. Rc6+ Nxc6 57. Bxc6 Rb2 58. Kf3 Kf6 59. Ke3 Ke5 60. g4 Rb3+ 61. Ke2 Kf4 62. Bd5 Kxg4 63. f3+ Kf4 64. Kd2 Ke5 65. Kc2 Rb4 66. Kc3 Rb1 67. Be4 Rc1+ 68. Kb4 Kd4 69. Bd5 Rb1+ 70. Ka5 Kc5 71. Ka4 Rb2 72. Ka3 Rb1 73. Ka2 Rf1 74. Kb3 Rf2 75. Kc3 Rf1 76. Kd3 Re1 77. Kd2 Rf1 78. Ke3 Re1+ 79. Kf4 Re8 80. Kg4 Rf8 81. f4 Kd4 82. Kg5 Re8 83. b6 Kc5 84. b7 Kd6 85. Kg6 Ke7 86. f5 Rd8 87. f6+ Kf8 88. Kf5 Re8 89.
c5 Rd8 90. Ke5 Rb8 91. c6 Re8+ 92. Kd6 Rd8+ 93. Kc5 Rb8 94. Kd4 Rd8 95. Kc4 Re8 96. Kc5 Rd8 97. c7 Re8 98. Kc6 Rc8 99. b8=Q Rd8 100.
cxd8=Q# 1-0

[Event "Late-Titled-Tuesday-Blitz-June-04-2024"]
[Site "Chess.com"]
[Date "2024.06.04"]
[Round "4"]
[White "Statham_01"]
[Black "WPWPWP-2015"]
[Result "1-0"]
[WhiteElo "2715"]
[BlackElo "2521"]
[TimeControl "180+1"]
[EndTime "14:41:05 PDT"]
[Termination "Statham_01 won by checkmate"]

1. e4 c5 2. a3 e5 3. Nf3 Nc6 4. Bc4 Be7 5. d3 d6 6. h3 Be6 7. Nbd2 Nf6 8. O-O h6 9. Re1 O-O 10.
Nf1 Nd4 11. c3 Nxf3+ 12. Qxf3 Qd7 13. Ne3 Bxc4 14. dxc4 Rfe8 15. Nf5 Qe6 16. Bxh6 Bf8 17. Bg5 Nh7 18. h4 Qxc4 19. Rad1 Nxg5 20. hxg5 Qe6 21. Rd5 Qg6 22. Qg3 Re6 23. Red1 Rae8 24. c4 b6 25. f3 Rd8 26. Kf2 Be7 27. Nxe7+ Rxe7 28. Rh1 Re6 29. Qh4 Kf8 30. b4 Ke7 31. bxc5 dxc5 32.
Rxd8 Kxd8 33. Qh8+ Ke7 34. Qb8 Qxg5 35. Rd1 Kf6 36.
Qc7 Qh4+ 37. Kg1 Kg6 38. Qxa7 Rf6 39. Qd7 Qg3 40. Qd3 Qg5 41. a4 Re6 42. Kf2 Qh4+ 43. Kf1 Rf6 44. Ke2 Qg3 45. Kf1 Qh4 46. Qe2 Qh1+ 47.
Kf2 Qh4+ 48. Kg1 Re6 49. Rf1 Qg5 50. Qf2 Rf6 51. g3 Kh7 52. Kg2 Kg8 53. Rd1 Rg6 54. Rd8+ Kh7 55. g4 Qxd8 56. Kf1 Qg5 57. Qh2+ Rh6 58. Qg2 Qf6 59. g5 Qc6 60. gxh6 Qxh6 61. Qg4 Qc1+ 62. Kg2 Qd2+ 63. Kf1 g6 64. Qc8 Kg7 65.
Qb8 Qc1+ 66. Kg2 Qb2+ 67. Kg3 Qd4 68. Qxb6 Qg1+ 69. Kh3 Kh6 70. Qd8 Qh1+ 71. Kg3 Qg1+ 72. Kh3 Kg7 73. Qh4 Qf1+ 74. Kg3 Qxc4 75. Qh2 Qc3 76. Qf2 Qb4 77. Qc2 Qe1+ 78. Kg2 Qb4 79. Qa2 c4 80. a5 Qb7 81. a6 Qa7 82. Qxc4 g5 83. Qb5 Kf6 84. Qb7 Qd4 85. Qc6+ Kg7 86. Qc2 Qb6 87. Qa2 Qa7 88. Kg3 Kg6 89. Kg2 Kh5 90. Kf1 Kg6 91. Ke2 Kh5 92. Qa4 Kg6 93. Kd3 Qd7+ 94. Qxd7 g4 95. Qf5+ Kg7 96. a7 g3 97.
a8=Q g2 98. Qg5+ Kh7 99. Qag8# 1-0

[Event "Late-Titled-Tuesday-Blitz-June-04-2024"]
[Site "Chess.com"]
[Date "2024.06.04"]
[Round "4"]
[White "carokannlover213"]
[Black "Chessdreamer2020"]
[Result "0-1"]
[WhiteElo "2710"]
[BlackElo "2539"]
[TimeControl "180+1"]
[EndTime "14:41:31 PDT"]
[Termination "Chessdreamer2020 won by resignation"]

1. Nf3 d6 2. e4 Nf6 3. Nc3 e5 4. d4 Nbd7 5. Bc4 Be7 6. O-O O-O 7. Re1 c6 8. a4 a5 9. h3 Nb6 10. Ba2 Nfd7 11. Be3 exd4 12. Bxd4 Nc5 13. e5 d5 14. Be3 Ncxa4 15. Nxa4 Nxa4 16. Bd4 Nc5 17. c4 Be6 18. cxd5 Bxd5 19. Bxc5 Bxc5 20. Bxd5 Qxd5 21. Qc2 Bb4 22. Re4 f5 23. Rd4 Qe6 24. Ng5 Qe7 25. Nf3 Rad8 26. Rad1 g6 27. h4 Rxd4 28. Rxd4 Rd8 29. Qc4+ Kg7 30.
h5 Rxd4 31. Qxd4 Bc5 32. Qf4 Bb6 33. h6+ Kf8 34. Qc4 Qc5 35. Qe6 Qxf2+ 36. Kh2 Be3 37. Qf6+ Ke8 38. Qh8+ Kd7 39. Qxh7+ Kc8 40. Qg8+ Kc7 41.
Qxg6 Bf4+ 42. Kh3 Qf1 43. Qf7+ Kb6 44. Qxf5 Qh1+ 45. Kg4 Bxh6 46. g3 Bc1 47. e6 Qh8 48. Qe5 Qg8+ 49. Kf5 Qf8+ 50. Ke4 Qe7 51. Qd4+ Kc7 52.
Qe5+ Kb6 53. g4 Bh6 54. Qd4+ Kc7 55. Qe5+ Kb6 56. Nd4 Bg7 57. Qf5 Qb4 58. Qf2 c5 59.
Qf7 Bxd4 60. e7 Bf6+ 61. Kf5 Bxe7 62. Qe6+ Ka7 63. Qxe7 Qxb2 64. Qxc5+ b6 65. Qc7+ Ka6 66. Qc4+ Ka7 67. Qc7+ Ka6 68. Qc4+ Ka7 69. g5 Qf2+ 70. Kg6 Qf8 71. Qf7+ Qxf7+ 72. Kxf7 a4 73. g6 a3 74. g7 a2 75. g8=Q a1=Q 76. Qh7 Qa2+ 77. Kf6+ Ka6 78.
Ke5 Qa1+ 79. Kd5 Qa5+ 80. Kd4 Qc5+ 81. Kd3 Kb5 82. Qd7+ Kb4 83. Qg4+ Kb3 84. Qd1+ Ka3 85. Qa1+ Kb4 86. Qb2+ Ka5 87. Qa1+ Kb5 88. Qb1+ Qb4 89. Qh1 Ka4 90. Kc2 Qb3+ 91. Kc1 b5 92. Qh4+ Qb4 93. Qd8 Qc3+ 94. Kb1 Qb3+ 95. Ka1 Qa3+ 96. Kb1 Qb3+ 97. Ka1 Qc3+ 98. Kb1 b4 99. Qd1+ Ka3 100. Qc1+ Qxc1+ 101.
Kxc1 Ka2 102. Kc2 b3+ 103. Kc3 b2 104. Kc4 b1=Q 0-1

[Event "Late-Titled-Tuesday-Blitz-June-04-2024"]
[Site "Chess.com"]
[Date "2024.06.04"]
[Round "4"]
[White "ReadySkate"]
[Black "CDOEspiao"]
[Result "1-0"]
[WhiteElo "2713"]
[BlackElo "2517"]
[TimeControl "180+1"]
[EndTime "14:41:43 PDT"]
[Termination "ReadySkate won by resignation"]

1. d4 Nf6 2. c4 c5 3. d5 b5 4. cxb5 a6 5. bxa6 g6 6. Nc3 Bg7 7. Nf3 O-O 8. e4 Qa5 9. Bd2 Bxa6 10. Be2 Qb4 11. e5 Ng4 12. e6 fxe6 13. dxe6 dxe6 14. O-O Qxb2 15. Rb1 Qa3 16. Rb3 Qa5 17. Ne4 Qxa2 18. Nxc5 Nd7 19. Nxa6 Rxa6 20. Bxa6 Qxa6 21. h3 Nge5 22.
Nxe5 Nxe5 23. Bc3 Qc4 24. Bxe5 Bxe5 25. Re3 Bd4 26. Qb3 Qxb3 27. Rxb3 e5 28. Rd3 Rf6 29. Rd2 Kf7 30. Kh2 Ke6 31. f3 Kd5 32. Rb1 Rc6 33. Rb5+ Ke6 34. Ra2 h5 35. Rba5 Kf5 36.
Kg3 g5 37. h4 Be3 38. hxg5 Bxg5 39. Kf2 h4 40. Re2 Bf4 41. Rea2 Rc1 42. Ra8 Bg3+ 43. Ke2 Re1+ 44. Kd3 Rd1+ 45. Rd2 Rb1 46. Rf8+ Ke6 47. Rh8 Kf5 48. Kc4 Rc1+ 49. Kb5 Bf4 50.
Re2 Bg3 51. Rh6 Kg5 52. Rc6 Rb1+ 53. Kc5 Kf5 54. Rb6 Rc1+ 55. Kb5 Rb1+ 56. Kc6 Rc1+ 57.
Kd7 Rd1+ 58. Kxe7 Ra1 59. Rf6+ Kg5 60. Rc6 Kf5 61. Rec2 Ra7+ 62. Kf8 Rb7 63. Rc7 Rb1 64. R2c6 Kf4 65. Rc3 Kf5 66. Rf7+ Ke6 67. Kg7 Kd5 68. Rd3+ Kc4 69. Rd2 Kc3 70. Re2 Kd3 71. Ra2 Ke3 72. Kg6 Rb6+ 73. Kf5 Rb1 74. Rc7 Rb3 75. Rd7 Rc3 76. Rd5 Rb3 77. Rdd2 Rc3 78. Re2+ Kd3 79. Rxe5 Bxe5 80. Kxe5 Ke3 81. Kf5 h3 82. gxh3 Kxf3 83.
h4 Rc5+ 84. Kg6 Kg4 85. Ra4+ Kf3 86. h5 Rc6+ 87. Kg5 Rc5+ 88. Kh4 Rc6 89. Rb4 Rd6 90. Rb5 Kf4 91. Rg5 Rd1 92. Rg4+ Kf5 93. Rg2 Rh1+ 94.
Kg3 Rxh5 95. Rf2+ Kg5 96. Rb2 Rh1 97. Rb5+ Kf6 98. Rb6+ Ke5 99. Kg2 Ra1 100. Rb5+ Kd6 101. Rb2 Kc5 102. Rc2+ Kd5 103. Rf2 Kc5 104. Rf5+ Kd6 105. Rf1 Kd5 106. Rxa1 Kc4 107. Re1 1-0

[Event "Late-Titled-Tuesday-Blitz-June-04-2024"]
[Site "Chess.com"]
[Date "2024.06.04"]
[Round "5"]
[White "LeninGuerra"]
[Black "Rodalquilar"]
[Result "0-1"]
[WhiteElo "2544"]
[BlackElo "2790"]
[TimeControl "180+1"]
[EndTime "14:49:23 PDT"]
[Termination "Rodalquilar won by resignation"]

1. e4 d5 2. exd5 Qxd5 3. d4 Nc6 4. Nf3 Bg4 5. Be2 O-O-O 6. Be3 e5 7. c4 Qa5+ 8. Bd2 Bb4 9. d5 Bxf3 10. Bxf3 Nd4 11. Nc3 Qa6 12. Qb3 Nxb3 0-1

[Event "Late-Titled-Tuesday-Blitz-June-04-2024"]
[Site "Chess.com"]
[Date "2024.06.04"]
[Round "5"]
[White "kingofthenil"]
[Black "merinasian"]
[Result "1-0"]
[WhiteElo "2880"]
[BlackElo "2484"]
[TimeControl "180+1"]
[EndTime "14:50:19 PDT"]
[Termination "kingofthenil won by resignation"]

1. d4 Nf6 2. c4 e6 3. Nf3 Bb4+ 4. Nbd2 b6 5. a3 Bxd2+ 6. Bxd2 Bb7 7. Bg5 O-O 8. e3 h6 9. Bh4 d6 10. Bd3 Nbd7 11.
Qc2 c5 12. O-O-O cxd4 13. Nxd4 Rc8 14. Rhg1 Ne5 15. Kb1 Nxd3 16. Qxd3 Be4 17. Qxe4 Nxe4 18. Bxd8 Rfxd8 19. f3 Nf6 20. Rc1 a6 21. e4 d5 22.
cxd5 exd5 23. e5 Nd7 24. Nc6 Re8 25. Ne7+ Rxe7 26. Rxc8+ Kh7 27. Rc7 1-0

[Event "Late-Titled-Tuesday-Blitz-June-04-2024"]
[Site "Chess.com"]
[Date "2024.06.04"]
[Round "5"]
[White "SoCalJuniorChess"]
[Black "meme0105"]
[Result "1-0"]
[WhiteElo "2208"]
[BlackElo "1587"]
[TimeControl "180+1"]
[EndTime "14:50:30 PDT"]
[Termination "SoCalJuniorChess won by resignation"]

1. d4 Nf6 2. Nc3 g6 3. Bf4 d6 4. e3 Bg7 5. h4 Bd7 6. h5 Nxh5 7. Rxh5 gxh5 8. Qxh5 e5 9. Bh6 Qf6 10. Bxg7 Qxg7 11.
Nd5 Na6 12. Bxa6 O-O 13. Bd3 exd4 14. Nf6+ Kh8 15. Nxh7 Bg4 16. Qh4 dxe3 17. Nf6+ 1-0

[Event "Late-Titled-Tuesday-Blitz-June-04-2024"]
[Site "Chess.com"]
[Date "2024.06.04"]
[Round "5"]
[White "destroyer305"]
[Black "bazar-wokzal"]
[Result "0-1"]
[WhiteElo "2440"]
[BlackElo "2590"]
[TimeControl "180+1"]
[EndTime "14:50:32 PDT"]
[Termination "bazar-wokzal won by resignation"]

1. e4 Nc6 2. Nf3 d5 3. exd5 Qxd5 4. Nc3 Qa5 5. d4 Bg4 6. Be2 O-O-O 7. Bd2 Bxf3 8.
Bxf3 Nxd4 9. Be3 Nxf3+ 10. Qxf3 Nf6 11. O-O e6 12. a3 Bd6 13. b4 Qe5 0-1

[Event "Late-Titled-Tuesday-Blitz-June-04-2024"]
[Site "Chess.com"]
[Date "2024.06.04"]
[Round "5"]
[White "krzyzan94"]
[Black "Tunahan_Makaraci"]
[Result "1-0"]
[WhiteElo "2799"]
[BlackElo "2569"]
[TimeControl "180+1"]
[EndTime "14:51:04 PDT"]
[Termination "krzyzan94 won by resignation"]

1. e4 c5 2. Nf3 Nc6 3. d4 cxd4 4.
Nxd4 g6 5. c4 Bg7 6. Be3 Qb6 7.
Nb5 Qa5+ 8. N5c3 Nf6 9. Nd2 O-O 10. Nb3 Qd8 11. Be2 d6 12. O-O a5 13. Rc1 a4 14. Nd4 Nxd4 15. Bxd4 Qa5 16. Kh1 Be6 17. f4 Rfc8 18. b3 axb3 19. axb3 Nd7 20. f5 gxf5 21.
exf5 Bxf5 22. b4 Qxb4 23. Nd5 1-0

[Event "Late-Titled-Tuesday-Blitz-June-04-2024"]
[Site "Chess.com"]
[Date "2024.06.04"]
[Round "5"]
[White "KVAIDAN"]
[Black "arnoldpetra"]
[Result "1-0"]
[WhiteElo "2359"]
[BlackElo "2485"]
[TimeControl "180+1"]
[EndTime "14:51:26 PDT"]
[Termination "KVAIDAN won by checkmate"]

1. f4 d6 2. Nf3 c6 3. e4 g6 4. Be2 Bg7 5. O-O Bg4 6. d3 Nd7 7. Nc3 Ngf6 8. Qe1 O-O 9. Qg3 Bxf3 10. Bxf3 e6 11. Qh4 Ne8 12. Qh3 b5 13. f5 exf5 14.
exf5 Ne5 15. fxg6 hxg6 16. Ne4 Nxf3+ 17. Rxf3 d5 18. Ng5 Bd4+ 19. Kh1 Nf6 20. Rxf6 Kg7 21.
Rf4 Rh8 22. Rxf7+ Kg8 23. Qe6 Qb8 24. Rf8+ Kxf8 25. Qf7# 1-0

[Event "Late-Titled-Tuesday-Blitz-June-04-2024"]
[Site "Chess.com"]
[Date "2024.06.04"]
[Round "5"]
[White "joksijoksi"]
[Black "Alphafischer2019"]
[Result "0-1"]
[WhiteElo "2459"]
[BlackElo "2633"]
[TimeControl "180+1"]
[EndTime "14:51:28 PDT"]
[Termination "Alphafischer2019 won by resignation"]

1. d4 Nf6 2. c4 b6 3. Nf3 Bb7 4. e3 e6 5. a3 Be7 6. Nc3 d5 7. cxd5 exd5 8. Bd3 O-O 9. O-O Nbd7 10. Ne5 Bd6 11. f4 c5 12. Bd2 Rc8 13. Be1 Ne4 14.
Nxe4 dxe4 15. Bb5 Nf6 16. Bh4 cxd4 17. Bxf6 Qxf6 18. Nd7 Qf5 19. Nxf8 Qxb5 20. Nxh7 Kxh7 21. Qxd4 Bc5 22. Qd2 Qd3 23. Qxd3 exd3 24. Kf2 Re8 25. Rfe1 d2 26. Re2 Ba6 0-1

[Event "Late-Titled-Tuesday-Blitz-June-04-2024"]
[Site "Chess.com"]
[Date "2024.06.04"]
[Round "5"]
[White "nihalsarin"]
[Black "topce"]
[Result "1-0"]
[WhiteElo "3231"]
[BlackElo "2476"]
[TimeControl "180+1"]
[EndTime "14:51:32 PDT"]
[Termination "nihalsarin won by resignation"]

1. e4 c5 2. Nc3 Nc6 3. Nf3 e5 4. Bb5 a6 5. Bxc6 dxc6 6. Nxe5 Qe7 7. Nf3 c4 8. O-O b5 9. Re1 Bb7 10. d4 cxd3 11. cxd3 O-O-O 12. a4 b4 13. Ne2 c5 14.
Qc2 Kb8 15. Nf4 Nf6 16. Be3 Rc8 17. Rac1 c4 18. Nd5 Nxd5 19. exd5 b3 20. Bf4+ Ka8 21.
Qc3 Qb4 22. dxc4 Qxc3 23. bxc3 Bc5 24. Nd2 b2 25. Rb1 Rhe8 26. Rxe8 Rxe8 27. Kf1 Ba3 28. Be3 Rc8 29. Ke2 a5 30. Kd3 Ba6 31. Kc2 Bxc4 32.
Nxc4 Rxc4 33. Kb3 Rb4+ 34. Kxa3 Rxa4+ 35. Kxa4 f5 36. Rxb2 f4 37. d6 fxe3 38. d7 1-0

[Event "Late-Titled-Tuesday-Blitz-June-04-2024"]
[Site "Chess.com"]
[Date "2024.06.04"]
[Round "5"]
[White "StellarChess"]
[Black "Kimkibo"]
[Result "1-0"]
[WhiteElo "2533"]
[BlackElo "2341"]
[TimeControl "180+1"]
[EndTime "14:51:32 PDT"]
[Termination "StellarChess won by resignation"]

1. d4 d5 2. Nf3 Nf6 3. Nbd2 e6 4. e3 c5 5. Bd3 Nc6 6. c3 c4 7. Bc2 b5 8. e4 b4 9. e5 Nd7 10. Qe2 Qa5 11. Qe3 Nb6 12. O-O Na4 13. Bxa4 Qxa4 14. Re1 Be7 15. Nf1 bxc3 16. bxc3 Rb8 17. Ng3 Qc2 18. Nh5 Qf5 19. Nxg7+ 1-0